 Dungeon Crawl Stone Soup version 0.26-a0-949-ga0cc1ef5f6 (webtiles) character file.

Game seed: 16634531030070896340

710519 miscthings the Maledictor (level 27, -12/165 HPs)
             Began as a Vampire Enchanter on Nov 29, 2020.
             Was the Champion of Sif Muna.
             Killed from afar by a pearl dragon (33 damage)
             ... with a blast of cleansing flame
             ... on level 10 of a ziggurat on Nov 30, 2020.
             The game lasted 05:34:18 (84956 turns).

miscthings the Maledictor (Vampire Enchanter)      Turns: 84956, Time: 05:34:19

Health: -12/165    AC: 23    Str: 14    XL:     27
Magic:  4/54       EV: 21    Int: 44    God:    Sif Muna [******]
Gold:   7221       SH: 18    Dex: 12    Spells: 1/62 levels left

rFire    + + +     SeeInvis +   q - staff of earth
rCold    + + +     Faith    .   Q - +5 kite shield {reflect}
rNeg     + + +     Spirit   .   R - +1 robe of the Dice {rPois Str+4 Int+6}
rPois    ∞         Reflect  +   j - +1 hat "Tuggein" {rCorr Int+4 Stlth-}
rElec    .         Harm     .   t - +2 cloak {MR+}
rCorr    +         Rampage  .   b - +3 pair of gloves "Hotzaek" {rPois rF+ MP+9 Dex+2}
MR       ++++.     Rnd*Tele +   K - +2 pair of boots
Stlth    +++.......             N - amulet "Muraor" {RegenMP +Blink rPois rC+ Slay+3}
HPRegen  0.00/turn              u - ring of wizardry
MPRegen  0.59/turn              W - ring "Waoll" {*Slow rF+++ AC+4 Int+9 Dex-5}

@: bloodless, glowing
A: claws 1, fangs 3, icy blue scales 1, iridescent scales 1, see invisible,
clumsy 1, deformed body, fire resistance 1, magic resistance 1, poison
resistance, teleportitis 1, unbreathing, no potion heal 1, subdued magic 1
}: 6/15 runes: decaying, slimy, silver, abyssal, demonic, gossamer
a: Bat Form, Revivify, Channel Magic, Forget Spell, Divine Exegesis, Renounce
Religion, Evoke Blink


You were on level 10 of a ziggurat.
You worshipped Sif Muna.
Sif Muna was exalted by your worship.
You visited 13 branches of the dungeon, and saw 59 of its levels.
You visited Pandemonium 1 time, and saw 3 of its levels.
You visited the Abyss 2 times.
You visited 1 bazaar.
You visited 1 ziggurat, and saw 10 of its levels.
You also visited: Gauntlet, Ice Cave and Wizlab.

You collected 12004 gold pieces.
You spent 4783 gold pieces at shops.

Inventory:

Hand Weapons
 w - a +9 quick blade of flaming
Missiles
 x - 6 throwing nets
 S - 7 curare-tipped darts (quivered)
Armour
 b - the +3 pair of gloves "Hotzaek" (worn) {rPois rF+ MP+9 Dex+2}
   (You bought it in a shop in a bazaar)

   It affects your dexterity (+2).
   It protects you from fire.
   It protects you from poison.
   It affects your magic capacity (+9).
 j - the +1 hat "Tuggein" (worn) {rCorr Int+4 Stlth-}
   (You found it on level 4 of the Vaults)

   It affects your intelligence (+4).
   It provides partial protection from all sources of acid and corrosion.
   It makes you less stealthy.
 t - a +2 cloak of magic resistance (worn)
 A - the +4 moon troll leather armour {Spirit, Regen++ MP+5}
   (You took it off a moon troll in a wizard's laboratory)

   It affects your magic capacity (+5).
   It increases your rate of regeneration.
 K - a +2 pair of boots (worn)
 Q - a +5 kite shield of reflection (worn)
 R - the +1 robe of the Dice (worn) {rPois Str+4 Int+6}
   (You found it on level 3 of the Elven Halls)

   It affects your strength (+4).
   It affects your intelligence (+6).
   It protects you from poison.
 V - the +0 ring mail "Pifirino" {rElec Dex+8}
   (You found it on level 5 of the Dungeon)

   It affects your dexterity (+8).
   It insulates you from electricity.
Magical Staves
 q - an uncursed staff of earth (weapon)
Jewellery
 u - a ring of wizardry (left hand)
 N - the amulet "Muraor" (around neck) {RegenMP +Blink rPois rC+ Slay+3}
   (You found it on level 3 of the Elven Halls)

   [amulet of magic regeneration]

   It increases your magic regeneration.
   It affects your accuracy and damage with ranged weapons and melee attacks
   (+3).
   It protects you from cold.
   It protects you from poison.
   It lets you blink.
 W - the ring "Waoll" (right hand) {*Slow rF+++ AC+4 Int+9 Dex-5}
   (You found it in a Gauntlet)

   [ring of protection]

   It affects your AC (+4).
   It affects your intelligence (+9).
   It affects your dexterity (-5).
   It renders you almost immune to fire.
   It may slow you when you take damage.
Wands
 m - a wand of enslavement (32)
 r - a wand of acid (54)
 y - a wand of digging (7)
 B - a wand of paralysis (40)
 C - a wand of iceblast (18)
 F - a wand of disintegration (30)
Scrolls
 a - 12 scrolls of fog
 c - 18 scrolls of identify {@r1}
 d - 26 scrolls of teleportation
 f - 12 scrolls of fear
 g - 8 scrolls of blinking
 k - 7 scrolls of immolation
 n - 30 scrolls of remove curse
 o - 2 scrolls of torment
 s - 3 scrolls of silence
 H - 12 scrolls of magic mapping
 T - 6 scrolls of vulnerability
 U - 4 scrolls of summoning
Potions
 e - 13 potions of brilliance
 h - 24 potions of curing
 p - 7 potions of magic
 z - 2 potions of invisibility
 D - 11 potions of might
 E - 9 potions of ambrosia
 G - 5 potions of mutation
 J - 4 potions of haste
 L - 6 potions of heal wounds
 M - 7 potions of attraction
 O - 12 potions of cancellation
 P - 7 potions of flight
 X - 4 potions of resistance
Miscellaneous
 v - a lightning rod (4/4)
 Y - a condenser vane
 Z - a box of beasts


   Skills:
 - Level 15.0 Fighting
 - Level 12.0 Short Blades
 - Level 10.0 Armour
 - Level 15.0 Dodging
 - Level 18.0 Stealth
 - Level 15.0 Shields
 - Level 18.4 Spellcasting
 - Level 5.0 Conjurations
 - Level 23.0 Hexes
 - Level 13.0 Summonings
 - Level 6.0 Necromancy
 - Level 8.0 Translocations
 - Level 5.0 Ice Magic
 + Level 21.0 Earth Magic
 - Level 15.0 Invocations
 - Level 11.0 Evocations


You had one spell level left.
You knew the following spells:

 Your Spells              Type           Power        Failure   Level
a - Borgnjor's Vile Clut  Necr/Erth      ########..   1%          5
b - Shatter               Erth           ########..   3%          9
c - Passage of Golubria   Tloc           N/A          1%          4
d - Confusing Touch       Hex            ########     0%          3
e - Iron Shot             Conj/Erth      ########..   1%          6
f - Malign Gateway        Summ/Tloc      #######...   1%          7
g - Discord               Hex            ########..   1%          8
h - Apportation           Tloc           ######       0%          1
r - Blink                 Tloc           N/A          0%          2
s - Summon Forest         Summ/Tloc      #######...   1%          5
x - Summon Mana Viper     Hex/Summ       ########     0%          5
z - Invisibility          Hex            ########     0%          6

Your spell library contained the following spells:

 Spells                   Type           Power        Failure   Level
 Animate Skeleton         Necr           ######       0%          1
 Corona                   Hex            #######      0%          1
 Pain                     Necr           ####         0%          1
 Sandblast                Erth           ######       0%          1
 Summon Small Mammal      Summ           ####         0%          1
 Beastly Appendage        Tmut           ####..       1%          1
 Foxfire                  Conj/Fire      ####         1%          1
 Freeze                   Ice            ####         1%          1
 Magic Dart               Conj           ####         1%          1
 Shock                    Conj/Air       ####         1%          1
 Sting                    Tmut/Pois      ####         1%          1
 Call Imp                 Summ           #######.     0%          2
 Ensorcelled Hibernation  Hex/Ice        ######       0%          2
 Passwall                 Tmut/Erth      ########     0%          2
 Slow                     Hex            ########     0%          2
 Call Canine Familiar     Summ           #######.     0%          3
 Dazzling Flash           Conj/Hex       ######       0%          3
 Inner Flame              Hex/Fire       #######.     0%          3
 Portal Projectile        Hex/Tloc       ######       0%          3
 Stone Arrow              Conj/Erth      ######       0%          3
 Summon Guardian Golem    Hex/Summ       ########     0%          3
 Tukima's Dance           Hex            ########     0%          3
 Cause Fear               Hex            ########..   0%          4
 Fulminant Prism          Conj/Hex       #######...   0%          4
 Leda's Liquefaction      Hex/Erth       ########..   0%          4
 Lee's Rapid Deconstruct  Erth           ########..   0%          5
 Metabolic Englaciation   Hex/Ice        #######...   0%          5
 Corpse Rot               Necr/Air       N/A          1%          2
 Poisonous Vapours        Pois/Air       ####..       1%          2
 Searing Ray              Conj           ######       1%          2
 Sublimation of Blood     Necr           ######....   1%          2
 Swiftness                Air            ####....     1%          2
 Wereblood                Tmut           ####....     1%          2
 Conjure Flame            Conj/Fire      #####...     1%          3
 Frozen Ramparts          Ice            ######       1%          3
 Gell's Gravitas          Tloc           ######....   1%          3
 Ignite Poison            Fire/Tmut/Pois ####....     1%          3
 Lesser Beckoning         Tloc           ######....   1%          3
 Mephitic Cloud           Conj/Pois/Air  #####...     1%          3
 Ozocubu's Armour         Ice            ######..     1%          3
 Spider Form              Tmut/Pois      ####......   1%          3
 Static Discharge         Conj/Air       #####...     1%          3
 Teleport Other           Tloc           ######..     1%          3
 Vampiric Draining        Necr           ######....   1%          3
 Airstrike                Air            ####......   1%          4
 Animate Dead             Necr           ######....   1%          4
 Dispel Undead            Necr           ######..     1%          4
 Hailstorm                Conj/Ice       ######..     1%          4
 Ice Form                 Ice/Tmut       #####...     1%          4
 Iskenderun's Mystic Bla  Conj/Tloc      ######..     1%          4
 Olgreb's Toxic Radiance  Pois           ####....     1%          4
 Petrify                  Tmut/Erth      ########     1%          4
 Sticky Flame             Conj/Fire      #####...     1%          4
 Summon Ice Beast         Ice/Summ       #######.     1%          4
 Summon Lightning Spire   Summ/Air       ######..     1%          4
 Agony                    Necr           ######..     1%          5
 Bolt of Magma            Conj/Fire/Erth #######...   1%          5
 Excruciating Wounds      Necr           ######....   1%          5
 Fireball                 Conj/Fire      #####.....   1%          5
 Irradiate                Conj/Tmut      #####.....   1%          5
 Iskenderun's Battlesphe  Conj           ######..     1%          5
 Lightning Bolt           Conj/Air       #####.....   1%          5
 Silence                  Hex/Air        #######...   1%          5
 Summon Demon             Summ           #######...   1%          5
 Yara's Violent Unravell  Hex/Tmut       #######...   1%          5
 Dispersal                Tloc           ######....   1%          6
 Shadow Creatures         Summ           N/A          1%          6
 Statue Form              Tmut/Erth      ########.    1%          6
 Monstrous Menagerie      Summ           #######...   1%          7
 Summon Greater Demon     Summ           #######...   1%          7
 Summon Hydra             Summ           #######...   1%          7
 Death Channel            Necr           ######....   2%          6
 Simulacrum               Ice/Necr       ######....   2%          6
 Ozocubu's Refrigeration  Ice            ######....   3%          6
 Haunt                    Necr/Summ      #######...   3%          7
 Spellforged Servitor     Conj/Summ      #######...   4%          7
 Alistair's Intoxication  Tmut/Pois      ####.....    5%          5
 Blade Hands              Tmut           ####......   5%          5
 Lehudib's Crystal Spear  Conj/Erth      ########..   6%          8
 Summon Horrible Things   Summ           #######...   6%          8
 Freezing Cloud           Conj/Ice/Air   ######....   8%          6
 Conjure Ball Lightning   Conj/Air       #####.....   11%         6
 Starburst                Conj/Fire      #####.....   11%         6
 Orb of Destruction       Conj           ######....   21%         7
 Eringya's Noxious Bog    Tmut/Pois      ####......   30%         6
 Hydra Form               Tmut           ####......   30%         6
 Disjunction              Tloc           ######....   43%         8
 Dragon's Call            Summ           #######...   65%         9
 Infestation              Necr           ######....   71%         8
 Dragon Form              Tmut           ####......   83%         7
 Chain Lightning          Conj/Air       #####.....   99%         8
 Ignition                 Fire           ####......   100%        8
 Absolute Zero            Ice            ######....   100%        9
 Fire Storm               Conj/Fire      #####.....   100%        9
 Tornado                  Air            ####......   100%        9


Dungeon Overview and Level Annotations

Branches:
Dungeon (15/15)            Temple (1/1) D:7            Lair (6/6) D:8
  Swamp (4/4) Lair:3       Spider (4/4) Lair:4        Slime (5/5) Lair:5
    Orc (2/2) D:12            Elf (3/3) Orc:2        Vaults (5/5) D:14
  Crypt (3/3) Vaults:2       Tomb (1/3) Crypt:3      Depths (5/5) D:15
    Zot (5/5) Depths:5      IceCv (visited)          WizLab (visited)
Gauntlet (visited)

Altars:
Ashenzari
Cheibriados
Dithmenos
Elyvilon
Fedhas
Gozag
Hepliaklqana
Kikubaaqudgha
Makhleb
Nemelex Xobeh
Okawaru
Qazlal
Ru
Sif Muna
Trog
Uskayaw
Vehumet
Wu Jian
Xom
Yredelemnul
Zin
The Shining One
Beogh
Jiyva

Shops:
D:10 *   Orc:2 =(:!?   Elf:1 =   Elf:2 (   Elf:3 *:(?   Vaults:1 }   Vaults:2 *
Vaults:5 *   Depths:1 =}}   Depths:4 (

Portals:
Hell: Depths:1 Depths:2 Depths:3 Depths:4 Depths:5
Abyss: Depths:4 Depths:5
Pandemonium: Orc:2 Depths:3
Trove: D:10 (give +4 shadow dragon scales)

Annotations:
D:6 Pikel
Elf:2 5 runed translucent doors
Zot:5 1 exclusion


Innate Abilities, Weirdness & Mutations

You do not regenerate when monsters are visible.
You are frail without blood (-20% HP).
You can heal yourself when you bite living creatures.
You are immune to poison.
You have razor-sharp teeth.
You have supernaturally acute eyesight. (SInv)
You can survive without breathing.
You have sharp fingernails.
You are partially covered in icy blue scales. (AC +2)
You are partially covered in iridescent scales. (AC +2)
You are clumsy. (Dex -2)
Armour fits poorly on your strangely shaped body.
Your flesh is heat resistant. (rF+)
You are resistant to hostile enchantments. (MR+)
Your system is resistant to poisons. (rPois)
You are occasionally teleported next to monsters.
Potions are less effective at restoring your health.
Your spells are a little easier to cast, but a little less powerful.


Message History

You feel a surge of power!
The dungeon rumbles!
The daeva is almost dead.
The pearl dragon is severely wounded.
You kill the ophan!
Sif Muna accepts your kill.
The ophan is heavily wounded.
You kill the daeva!
Sif Muna accepts your kill.
The daeva is almost dead.
The daeva calls down the wrath of the Shining One upon you.
The Shining One smites you!
* * * LOW HITPOINT WARNING * * *
The daeva calls down the wrath of the Shining One upon you.
The Shining One smites you!
* * * LOW HITPOINT WARNING * * *
The pearl dragon breathes cleansing flame at you.
The blast of cleansing flame engulfs you!!
You writhe in agony!
You die...

▓▓▓▓▓▓▓▓▓▓▓
▓▓.........▓▓
▓▓...........▓▓
▓▓.............▓▓
▓:?.......@.....▓▓
∩A}.)..A.§.......▓▓
>?[.)...§.......∩.▓
∩A))G..A§........▓▓
▓=:A†A.D........▓▓
▓..†..........▓▓
▓▓..§........▓▓
▓▓.........▓▓
▓▓▓▓▓▓▓▓▓▓▓


You could see 2 daevas, a pearl dragon (catching breath), an angel (strong) and
an ophan (strong).

Vanquished Creatures
  the Royal Jelly (Slime:5)
  3 ancient liches
  A juggernaut (Depths:3)
  A royal mummy (Tomb:1)
  A curse toe (Zot:4)
  A caustic shrike (Depths:3)
  3 golden dragons
  A pearl dragon (Depths:4)
  2 bone dragons (Abyss:4)
  A Tzitzimitl (Pan)
  6 liches
  A Brimstone Fiend (Pan)
  A hellephant (Abyss:4)
  A Hell Sentinel (Pan)
  Rupert (D:13)
  A titan (Depths:3)
  11 tentacled monstrosities
  A moon troll (WizLab)
  An Ice Fiend (Pan)
  4 deep elf master archers
  A deep elf blademaster (Elf:3)
  Asterion (Vaults:2)
  15 acid blobs
  An Executioner (Pan)
  The ghost of Biocos the Whirler, an adept HaHu of Okawaru (Depths:1)
  7 death cobs
  6 sphinxes
  5 storm dragons
  A thorn hunter (Swamp:4)
  5 tentacled starspawn
  Frances (D:12)
  11 shadow dragons
  Kirke (D:14)
  6 ancient champions
  Donald (Lair:4)
  6 draconian monks
  6 azure jellies
  5 revenants
  A fire giant (Depths:3)
  4 daevas
  10 draconian knights
  3 balrugs
  5 frost giants
  2 draconian scorchers
  An orc warlord (Orc:1)
  6 vault wardens
  11 ghost moths
  An iron dragon (Depths:4)
  4 deep elf sorcerers
  Aizul (Swamp:1)
  3 deep elf elementalists (Elf:3)
  7 emperor scorpions
  4 cacodemons
  A warmonger (Pan)
  3 curse skulls
  6 draconian annihilators
  3 draconian shifters
  2 angels (Depths:4)
  An ophan (Zig:10)
  A reaper (Pan)
  22 stone giants
  3 draconian stormcallers
  2 war gargoyles
  6 entropy weavers
  4 ironheart preservers
  11 very ugly things
  4 green draconians
  3 apis (Zig:10)
  2 monstrous demonspawn (Pan)
  3 lorocyprocas (Pan)
  4 deep elf annihilators (Elf:3)
  4 black draconians
  5 red draconians
  11 white draconians
  10 vampire knights
  7 yellow draconians
  6 deep elf demonologists
  Azrael (D:14)
  3 black suns
  7 spark wasps
  A minotaur (Gauntlet)
  2 bunyips
  7 deep elf death magi
  2 eleionomae
  8 blizzard demons
  3 ettins
  8 purple draconians
  6 eidola
  4 mummy priests (Tomb:1)
  A green death (Pan)
  A quicksilver dragon zombie (Crypt:3)
  8 death oozes (Slime:5)
  6 fire dragons
  4 ogre magi
  Snorg (D:14)
  A crystal guardian (WizLab)
  5 jiangshi
  Josephine (Lair:4)
  6 yaktaur captains
  14 great orbs of eyes
  The ghost of Duaji the Blocker, a journeyman GrFi of Okawaru (Lair:2)
  26 hydras
  Fannar (D:12)
  A rakshasa (Depths:1)
  6 vault guards
  9 ice dragons
  7 boulder beetles
  10 centaur warriors
  A spriggan air mage (Depths:3)
  3 ghost crabs
  3 death knights
  27 two-headed ogres
  5 alligators
  17 dancing weapons
  9 death yaks
  4 vampire magi
  2 deep troll shamans
  4 orc high priests
  A spriggan berserker (Depths:3)
  4 tengu warriors
  A naga sharpshooter (Zig:3)
  2 death scarabs (Gauntlet)
  2 deep troll earth magi
  A shock serpent (Zig:3)
  A shock serpent (shapeshifter) (Vaults:5)
  15 deep elf knights
  11 soul eaters
  5 sun demons
  A titan skeleton (Crypt:3)
  6 sixfirhies
  A fire crab (shapeshifter) (Vaults:3)
  15 skeletal warriors
  4 wretched stars
  2 storm dragon skeletons
  2 golden dragon zombies
  2 iron trolls (Depths:1)
  3 spatial maelstroms (Abyss:4)
  2 shadow wraiths
  6 cherubim
  2 gelid demonspawn
  A ghost moth zombie (Abyss:2)
  7 goliath frogs
  8 unseen horrors
  A hell knight (Depths:5)
  7 deep trolls
  A shadow demon (Pan)
  6 spriggan druids
  2 bog bodies (Swamp:2)
  7 phantasmal warriors
  An anaconda zombie (Crypt:3)
  5 glowing orange brains
  4 flayed ghosts
  11 swamp dragons
  2 infernal demonspawn (Pan)
  A naga ritualist (Zig:3)
  3 wizards
  8 deep elf archers
  7 ironbrand convokers
  2 torturous demonspawn
  3 necromancers
  9 orc knights
  19 orb spiders
  43 deep elf magi
  5 vault sentinels
  A wolf spider zombie (Crypt:3)
  A mana viper (Zig:3)
  29 ugly things
  19 wolf spiders
  2 oklob plants (Lair:5)
  2 fauns (Zig:5)
  A salamander (D:15)
  A tengu skeleton (Depths:3)
  A worldbinder (Abyss:4)
  A shining eye (Slime:3)
  6 orc sorcerers
  A will-o-the-wisp (Swamp:1)
  A salamander (shapeshifter) (Vaults:2)
  A goliath frog skeleton (Crypt:2)
  4 manticores
  4 fire giant skeletons (Crypt:3)
  6 cyclopes
  16 moths of wrath
  A stone giant skeleton (Depths:1)
  Maurice (D:8)
  An iron dragon skeleton (Crypt:3)
  A cyclops (shapeshifter) (Depths:1)
  8 eyes of devastation
  2 frost giant skeletons
  5 black mambas
  A black mamba (shapeshifter) (D:15)
  2 rust devils (Depths:3)
  A guardian serpent (shapeshifter) (Depths:5)
  14 cane toads
  9 hellions
  7 smoke demons
  3 ice statues (IceCv)
  7 gargoyles
  A torpor snail (Lair:3)
  2 orange demons
  Psyche (D:11)
  2 spriggan skeletons
  An elf skeleton (Zig:2)
  A dire elephant skeleton (Crypt:3)
  15 komodo dragons
  6 rime drakes
  A nameless horror (Crypt:3)
  A redback zombie (Crypt:2)
  13 demonic crawlers
  A black draconian zombie (Crypt:1)
  A hydra zombie (Abyss:2)
  2 efreet
  An ice devil (Depths:3)
  3 tormentors
  3 freezing wraiths (Vaults:2)
  25 yaktaurs
  3 hellwings (Pan)
  11 guardian mummies
  7 ancient zymes
  A minotaur skeleton (Crypt:3)
  5 red devils
  17 hornets
  A queen bee (Lair:2)
  A meliai (Lair:2)
  5 polar bears
  A tengu conjurer (Depths:2)
  A meliai (shapeshifter) (Depths:1)
  6 trolls
  17 jumping spiders
  A sphinx simulacrum (Depths:2)
  5 raiju
  A spectral lindwurm (Gauntlet)
  15 blink frogs
  A merfolk (shapeshifter) (Vaults:2)
  8 tyrant leeches
  Prince Ribbit (D:6)
  4 dream sheep (Lair:6)
  A dream sheep (shapeshifter) (Vaults:1)
  2 blink frogs (shapeshifter)
  50 slime creatures
  A fire giant simulacrum (Depths:2)
  A stone giant simulacrum (Vaults:2)
  4 flying skulls (Crypt:1)
  14 spriggans
  A frost giant simulacrum (Vaults:3)
  A spectral black mamba (Gauntlet)
  8 starcursed masses
  3 air elementals
  6 water elementals
  An ice dragon skeleton (Depths:1)
  A centaur simulacrum (D:15)
  13 fire dragon skeletons (Crypt:3)
  14 ynoxinuls
  53 redbacks
  7 shadows
  29 tarantellas
  15 wraiths
  3 ushabtiu
  2 ettin skeletons
  5 wyverns
  5 vampires
  A human (D:14)
  16 large abominations
  2 hogs (shapeshifter)
  2 chaos spawn
  13 golden eyes
  5 basilisks
  5 fire elementals
  A fire bat (shapeshifter) (Vaults:5)
  23 yaks
  8 vampire mosquitoes
  5 steam dragons
  2 hogs (D:14)
  7 wargs
  7 neqoxecs
  2 spriggan simulacra
  A spatial vortex (Abyss:4)
  16 swamp worms
  A human zombie (Depths:1)
  A spectral cane toad (Gauntlet)
  5 hell hounds
  A deep troll zombie (Vaults:5)
  The ghost of Zonian the Conjurer, an amateur TeCj of Gozag (D:4)
  5 acid dragons
  A soldier ant (shapeshifter) (Depths:5)
  8 swamp drakes
  21 water moccasins
  A hornet zombie (D:10)
  4 eyes of draining
  13 ice beasts
  8 sky beasts
  20 orc warriors
  3 black bears
  An ettin simulacrum (Vaults:2)
  A necrophage (D:10)
  13 wolves
  2 phantoms (D:12)
  13 small abominations
  2 eyes of draining (shapeshifter)
  14 ogres
  21 centaurs
  A dream sheep skeleton (Crypt:1)
  A lemure (D:5)
  20 bullfrogs
  2 big kobolds
  5 earth elementals
  A gnoll sergeant (D:6)
  A warg zombie (Crypt:2)
  6 scorpions
  A wyvern skeleton (D:11)
  14 wights
  30 killer bees
  A swamp dragon simulacrum (Abyss:2)
  2 electric eels
  3 howler monkeys
  A crimson imp (Depths:4)
  9 hounds
  6 centaur zombies
  An iron imp (Depths:2)
  5 jellies
  5 bullfrog zombies
  3 quasits
  18 orc priests
  2 bullfrog skeletons
  6 centaur skeletons
  12 iguanas
  24 orc wizards
  15 worker ants
  19 mummies
  3 worker ant zombies
  A howler monkey skeleton (D:7)
  10 adders
  13 gnolls
  A shadow imp (D:10)
  A swamp drake skeleton (Crypt:2)
  7 white imps
  3 ufetubi
  An ooze (D:3)
  An iguana zombie (Crypt:2)
  An adder skeleton (D:7)
  An adder zombie (D:9)
  2 leopard geckos
  65 orcs
  A ball python (D:1)
  6 giant cockroaches
  7 goblins
  5 hobgoblins
  10 jackals
  16 kobolds
  4 quokkas
  8 bats
  5 frilled lizards
  A giant cockroach zombie (Crypt:2)
  A kobold skeleton (Crypt:2)
  2 leopard gecko skeletons
  An orc skeleton (Crypt:2)
  7 rats
  13 briar patches (Swamp:4)
  A crawling corpse (Elf:2)
  2 lurking horrors (Abyss:4)
  A starspawn tentacle (Abyss:2)
2081 creatures vanquished.

Vanquished Creatures (collateral kills)
  2 pandemonium lords (Pan)
  An orb of fire (Zot:4)
  Mennas (Depths:5)
  2 juggernauts
  Sojobo (Depths:3)
  2 Killer Klowns
  A curse toe (Zot:4)
  5 golden dragons
  Nikola (Lair:4)
  Jory (Tomb:1)
  4 liches
  A Tzitzimitl (Pan)
  A bone dragon (Crypt:3)
  A hellephant (Abyss:4)
  9 tentacled monstrosities
  An Orb Guardian (Zot:5)
  7 acid blobs
  3 titans
  4 quicksilver dragons
  A deep elf master archer (Elf:3)
  2 Executioners (Pan)
  5 death cobs
  2 ancient champions
  8 tentacled starspawn
  An eldritch tentacle (Pan)
  2 thorn hunters
  3 storm dragons
  4 draconian monks
  5 tengu reavers
  A warmonger (Pan)
  A fenstrider witch (Swamp:3)
  A daeva (Depths:4)
  2 frost giants
  4 fire giants
  5 draconian knights
  2 azure jellies (Slime:5)
  4 draconian shifters
  A corrupter (Pan)
  9 vault wardens
  5 deep elf sorcerers
  4 cacodemons
  4 deep elf elementalists
  4 draconian scorchers
  2 iron dragons
  5 ironheart preservers
  3 draconian stormcallers
  An angel (Depths:4)
  3 draconian annihilators
  3 war gargoyles
  A ghoul (Crypt:2)
  11 very ugly things
  A caustic shrike skeleton (Depths:3)
  4 stone giants
  2 reapers
  3 blood saints (Pan)
  8 green draconians
  A vampire knight (Crypt:2)
  5 white draconians
  9 deep elf demonologists
  4 black draconians
  6 yellow draconians
  8 red draconians
  A deep elf annihilator (Elf:3)
  4 purple draconians
  A spark wasp (Depths:5)
  A black sun (Pan)
  4 lorocyprocas (Pan)
  3 blizzard demons (Pan)
  An eidolon (Crypt:2)
  5 dire elephants (Abyss:4)
  4 deep elf death magi
  5 ettins
  3 crystal guardians
  A mummy priest (Tomb:1)
  A merfolk impaler (Depths:2)
  5 jiangshi
  5 deep elf high priests
  2 fire dragons
  16 ogre magi
  7 yaktaur captains
  27 vault guards
  7 great orbs of eyes
  A monstrous demonspawn (Pan)
  2 hydras
  3 rakshasas
  An ice dragon (Depths:1)
  A spriggan air mage (Depths:3)
  A centaur warrior (Depths:3)
  A death knight (Crypt:1)
  The ghost of jiml777 the Thaumaturge, a journeyman DEAE of Sif Muna (Lair:3)
  A deep troll earth mage (Vaults:2)
  3 dancing weapons
  35 two-headed ogres
  5 deep troll shamans
  4 orc high priests (Orc:2)
  5 vampire magi
  3 spriggan berserkers
  9 thrashing horrors
  A nameless horror (Crypt:1)
  6 soul eaters
  A titan zombie (Abyss:2)
  3 deep elf knights
  3 sun demons
  2 wretched stars (Abyss:4)
  5 sixfirhies (Pan)
  13 skeletal warriors
  6 hell knights
  An iron troll (Depths:3)
  3 storm dragon skeletons
  2 torturous demonspawn (Pan)
  A spatial maelstrom (Abyss:3)
  2 flayed ghosts
  A spriggan druid (Swamp:2)
  A swamp dragon (shapeshifter) (Vaults:5)
  A cherub (Depths:4)
  12 deep trolls
  2 infernal demonspawn (Pan)
  2 gelid demonspawn (Pan)
  2 shadow demons (Pan)
  An orange crystal statue (WizLab)
  4 wizards
  3 deep elf archers
  6 necromancers
  3 orc knights
  4 glowing orange brains
  11 ironbrand convokers
  8 phantasmal warriors
  2 harpies (Vaults:3)
  An orb spider (shapeshifter) (Vaults:2)
  A mana viper (Abyss:4)
  4 ugly things
  15 deep elf magi
  An orc sorcerer (Vaults:5)
  A fire giant zombie (Depths:3)
  An oklob plant (Lair:5)
  A tengu skeleton (Vaults:5)
  A wolf spider (Vaults:4)
  A cyclops (Vaults:2)
  2 will-o-the-wisps
  A wolf spider (shapeshifter) (Depths:3)
  2 worldbinders (Abyss:4)
  A shining eye (Slime:5)
  20 slime creatures
  13 large abominations
  A stone giant skeleton (Depths:2)
  An apocalypse crab (Abyss:4)
  An elephant (shapeshifter) (Vaults:1)
  2 rust devils
  2 naga magi (Vaults:4)
  2 eyes of devastation
  5 smoke demons
  A frost giant skeleton (Depths:1)
  A titan simulacrum (Depths:1)
  4 vault sentinels
  A hellion (Abyss:4)
  7 orange demons (Pan)
  2 ice devils
  A tormentor (Pan)
  29 yaktaurs
  2 hellwings
  2 ancient zymes
  4 freezing wraiths
  2 guardian mummies (Tomb:1)
  A tengu conjurer (Depths:1)
  4 red devils
  A queen bee (Lair:2)
  5 raiju
  4 blink frogs (Abyss:4)
  A dream sheep (shapeshifter) (Vaults:5)
  A harpy skeleton (Crypt:3)
  A hornet (Depths:5)
  An ettin skeleton (Crypt:3)
  11 water elementals
  2 flying skulls (Crypt:1)
  2 shadows
  A vampire (Abyss:2)
  An ice dragon skeleton (Tomb:1)
  5 redbacks (Depths:2)
  3 spriggans
  An alligator skeleton (Crypt:1)
  An air elemental (Elf:2)
  A fire elemental (Elf:1)
  7 golden eyes
  4 wraiths
  4 ynoxinuls
  3 neqoxecs
  A swamp worm (Swamp:1)
  A warg (Vaults:5)
  5 chaos spawn
  A vampire mosquito (Swamp:2)
  3 spatial vortices (Abyss:4)
  A cane toad zombie (Tomb:1)
  A merfolk skeleton (Crypt:1)
  28 orc warriors
  A human zombie (Vaults:2)
  15 starcursed masses
  A fire dragon simulacrum (Abyss:2)
  2 necrophages (Crypt:2)
  2 eyes of draining (Slime:5)
  An eye of draining (shapeshifter) (Depths:2)
  4 centaurs (Vaults:1)
  34 ogres
  A human skeleton (Vaults:2)
  A wyvern zombie (Crypt:1)
  7 small abominations
  5 killer bees (Lair:2)
  A crimson imp (Abyss:3)
  A bullfrog zombie (Crypt:2)
  A quasit (Abyss:2)
  14 orc priests
  10 orc wizards
  A spriggan simulacrum (Abyss:2)
  A naga zombie (Crypt:2)
  A sky beast zombie (Crypt:1)
  A naga skeleton (Crypt:2)
  A white imp (Abyss:4)
  32 orcs
  A rat zombie (Crypt:2)
  A briar patch (Swamp:4)
  A crawling corpse (Elf:2)
  10 starspawn tentacles
892 creatures vanquished.

Vanquished Creatures (others)
  Margery (Vaults:2)
  23 eldritch tentacles
  A quicksilver dragon (Vaults:5)
  A tengu reaver (Depths:3)
  3 storm dragons
  3 draconian monks
  A fire giant (Vaults:5)
  A draconian knight (Zot:3)
  2 deep elf sorcerers (Elf:3)
  2 vault wardens (Vaults:2)
  4 draconian shifters
  4 draconian scorchers
  2 ironheart preservers
  A very ugly thing (Abyss:4)
  3 ettins
  2 deep elf demonologists
  3 dire elephants (Abyss:4)
  A white draconian (Zot:4)
  3 yellow draconians
  2 spark wasps
  6 black draconians
  2 purple draconians
  A red draconian (Zot:2)
  A jiangshi (Crypt:1)
  A fire dragon (Depths:5)
  2 yaktaur captains
  An ice dragon (Depths:3)
  A centaur warrior (Depths:3)
  8 two-headed ogres
  A deep troll earth mage (Depths:5)
  An ogre mage (Vaults:1)
  3 thrashing horrors (Abyss:4)
  2 deep trolls
  6 deep elf knights
  A death drake (shapeshifter) (Depths:2)
  A sixfirhy (Pan)
  A hell knight (Depths:5)
  4 deep elf archers
  A gelid demonspawn (Orc:2)
  2 necromancers
  2 orc knights
  A large abomination (Abyss:4)
  A harpy (Vaults:3)
  8 deep elf magi
  An ugly thing (WizLab)
  A wizard (D:11)
  A cyclops (Vaults:2)
  A moth of wrath (Zot:1)
  A worldbinder (Abyss:2)
  An elephant (Abyss:4)
  2 orange demons (Pan)
  6 yaktaurs
  An ancient zyme (Abyss:4)
  A demonic crawler (Pan)
  A freezing wraith (Crypt:1)
  2 hornets
  9 raiju
  4 dancing weapons
  2 flying skulls (Crypt:1)
  3 spriggans
  3 orc warriors
  A wraith (Crypt:1)
  2 neqoxecs (Abyss:4)
  A chaos spawn (Abyss:2)
  A warg (Elf:2)
  A spatial vortex (Abyss:4)
  3 ogres
  2 centaurs
  A small abomination (Abyss:2)
  A killer bee (Lair:2)
  A wight (Abyss:2)
  An iguana (Lair:6)
  An ufetubus (Abyss:2)
  2 orcs (Elf:2)
  3 briar patches (Swamp:4)
  A bush (Lair:6)
  5 demonic plants
  A fire vortex (Depths:4)
  8 foxfires
  43 fungi
  3 lurking horrors (Abyss:4)
  69 plants
  5 snaplasher vines
  24 starspawn tentacles
  25 withered plants (Gauntlet)
366 creatures vanquished.

Grand Total: 3339 creatures vanquished

Notes
Turn   | Place    | Note
-------+----------+-------------------------------------------
     0 | D:1      | miscthings the Vampire Enchanter began the quest for the
                  | Orb.
     0 | D:1      | Reached XP level 1. HP: 13/13 MP: 3/3
   252 | D:1      | Reached skill level 5 in Hexes
   260 | D:1      | Reached XP level 2. HP: 19/19 MP: 5/5
   435 | D:1      | Learned a level 2 spell: Ensorcelled Hibernation
   726 | D:2      | Reached XP level 3. HP: 19/19 MP: 6/6
   751 | D:2      | Reached skill level 1 in Ice Magic
  1082 | D:2      | Reached XP level 4. HP: 24/24 MP: 8/8
  1398 | D:3      | Reached skill level 6 in Hexes
  1399 | D:3      | Found an iron altar of Okawaru.
  1798 | D:3      | Reached XP level 5. HP: 19/28 MP: 3/9
  2069 | D:4      | Noticed a two-headed ogre
  2070 | D:4      | Found a transporter.
  2070 | D:4      | Noticed Zonian's ghost (amateur TeCj)
  2146 | D:4      | Found a transporter.
  2263 | D:4      | Found a shadowy altar of Dithmenos.
  2473 | D:4      | Reached skill level 7 in Hexes
  2489 | D:4      | Reached XP level 6. HP: 32/32 MP: 11/11
  2748 | D:5      | Entered Level 5 of the Dungeon
  2761 | D:5      | Got a faintly humming ring mail
  2772 | D:5      | Identified the +0 ring mail "Pifirino" {rElec Dex+8} (You
                  | found it on level 5 of the Dungeon)
  2905 | D:5      | Found an ancient bone altar of Kikubaaqudgha.
  2925 | D:5      | Reached skill level 8 in Hexes
  2925 | D:5      | Reached XP level 7. HP: 36/36 MP: 13/13
  3786 | D:5      | Reached skill level 9 in Hexes
  3790 | D:5      | Reached skill level 5 in Ice Magic
  3905 | D:5      | Reached skill level 10 in Hexes
  3995 | D:6      | Noticed Pikel
  4038 | D:5      | Reached XP level 8. HP: 34/41 MP: 9/14
  4062 | D:6      | Found an ornate altar of the Wu Jian Council.
  4207 | D:6      | Reached skill level 5 in Short Blades
  4364 | D:6      | Noticed Prince Ribbit
  4386 | D:6      | Killed Prince Ribbit
  4706 | D:7      | Found a staircase to the Ecumenical Temple.
  4715 | Temple   | Entered the Ecumenical Temple
  4822 | Temple   | Became a worshipper of Sif Muna the Loreminder
  4895 | D:7      | Reached XP level 9. HP: 45/45 MP: 11/15
  4962 | D:7      | Learned a level 2 spell: Slow
  4966 | D:7      | Learned a level 3 spell: Confusing Touch
  4970 | D:7      | Learned a level 3 spell: Tukima's Dance
  4974 | D:7      | Learned a level 3 spell: Dazzling Flash
  4977 | D:7      | Learned a level 2 spell: Blink
  5503 | D:7      | Reached * piety under Sif Muna
  5663 | D:8      | Reached skill level 10 in Short Blades
  5667 | D:8      | Noticed Maurice
  5680 | D:8      | Killed Maurice
  5702 | D:8      | Found a staircase to the Lair.
  5834 | D:8      | Reached skill level 1 in Fighting
  5834 | D:8      | Reached skill level 5 in Stealth
  5834 | D:8      | Reached skill level 1 in Invocations
  5834 | D:8      | Reached skill level 1 in Evocations
  5848 | D:8      | Reached skill level 1 in Armour
  5848 | D:8      | Reached skill level 1 in Translocations
  6211 | D:8      | Reached XP level 10. HP: 53/53 MP: 6/16
  6407 | D:9      | Reached ** piety under Sif Muna
  6577 | D:9      | Got a shimmering robe
  6589 | D:9      | Identified the +2 robe of Resourcefulness {rPois} (You
                  | found it on level 9 of the Dungeon)
  6824 | D:9      | Noticed an unseen horror
  6827 | D:9      | Killed an unseen horror
  6834 | D:9      | Noticed a brown ugly thing
  6846 | D:9      | Killed a brown ugly thing
  6847 | D:9      | Reached skill level 5 in Spellcasting
  7229 | D:10     | Entered Level 10 of the Dungeon
  7259 | D:10     | Reached *** piety under Sif Muna
  7372 | D:10     | Reached XP level 11. HP: 48/60 MP: 8/19
  7550 | D:10     | Noticed a two-headed ogre
  7572 | D:10     | Killed a two-headed ogre
  7573 | D:10     | Reached skill level 5 in Dodging
  7873 | D:10     | Found a portal to a secret trove of treasure.
  7953 | D:10     | Found Xoafon's Assorted Antiques.
  7956 | D:10     | Bought a knobbly gilded ring for 155 gold pieces
  7956 | D:10     | Bought a scroll labelled KOFFEUMIHU for 31 gold pieces
  7956 | D:10     | Bought 3 scrolls labelled IREODE QOUSIUT for 93 gold pieces
  8334 | Lair:1   | Entered Level 1 of the Lair of Beasts
  8382 | Lair:1   | Noticed a seven-headed hydra
  8386 | Lair:1   | Reached **** piety under Sif Muna
  8390 | Lair:1   | Killed a seven-headed hydra
  8551 | Lair:1   | Reached skill level 5 in Evocations
  9060 | Lair:2   | Found a transporter.
  9060 | Lair:2   | Found a transporter.
  9060 | Lair:2   | Noticed Duaji's ghost (journeyman GrFi)
  9084 | Lair:2   | Noticed a seven-headed hydra
  9092 | Lair:2   | Killed a seven-headed hydra
  9257 | Lair:2   | You fall into a shaft and drop 2 floors!
  9258 | Lair:4   | Noticed Josephine
  9258 | Lair:4   | Killed Josephine
  9259 | Lair:4   | Reached XP level 12. HP: 67/67 MP: 11/21
  9683 | Lair:4   | Reached skill level 5 in Invocations
  9856 | Lair:4   | Reached skill level 10 in Stealth
  9982 | Lair:4   | Found a hole to the Spider Nest.
  9985 | Lair:4   | Reached skill level 5 in Fighting
 10830 | Lair:3   | Noticed a four-headed hydra
 10889 | Lair:3   | Reached ***** piety under Sif Muna
 10890 | Lair:3   | Noticed a death yak
 10941 | Lair:3   | Killed a death yak
 10941 | Lair:3   | Identified Zaos Wau's Reference Book on Transmutation (Sif
                  | Muna gifted it to you on level 3 of the Lair of Beasts)
 10941 | Lair:3   | Received a gift from Sif Muna
 10942 | Lair:3   | Reached skill level 5 in Armour
 11224 | Lair:3   | Found a runed translucent gate.
 11224 | Lair:3   | Found a runed translucent gate.
 11224 | Lair:3   | Found a runed translucent gate.
 11226 | Lair:3   | Noticed jiml777's ghost (journeyman DEAE)
 11227 | Lair:3   | Noticed a ten-headed hydra
 11227 | Lair:3   | Noticed a ten-headed hydra
 11327 | Lair:3   | HP: 1/68 [spriggan/+0 dagger (7)]
 11522 | Lair:3   | Reached XP level 13. HP: 73/73 MP: 15/23
 11625 | Lair:3   | Reached skill level 1 in Shields
 11748 | Lair:3   | Found a staircase to the Swamp.
 13440 | Lair:5   | Found a staircase to the Slime Pits.
 13706 | Lair:6   | Entered Level 6 of the Lair of Beasts
 14235 | Lair:6   | Identified Cethic's Disquisition on the Burning Snowflakes
                  | (Sif Muna gifted it to you on level 6 of the Lair of
                  | Beasts)
 14235 | Lair:6   | Received a gift from Sif Muna
 14357 | Lair:6   | Identified Sif Muna's Incunabulum of Shifting Translocation
 14913 | Lair:6   | Noticed a fire dragon
 15141 | Lair:6   | Killed a fire dragon
 15483 | D:4      | Reached XP level 14. HP: 72/80 MP: 17/25
 15493 | D:4      | Killed Zonian's ghost
 15501 | D:4      | Got a distressingly furry scale mail
 15531 | D:4      | Identified the +4 scale mail "Fienton" {rElec Dex+6} (You
                  | found it on level 4 of the Dungeon)
 16026 | D:11     | Found a gate leading to a gauntlet.
 16037 | Gauntlet | Entered a Gauntlet
 16037 | Gauntlet | Found a transporter.
 16037 | Gauntlet | Found a transporter.
 16053 | Gauntlet | Found a transporter.
 16057 | Gauntlet | Found a transporter.
 16067 | Gauntlet | Found a transporter.
 16088 | Gauntlet | Found a transporter.
 16097 | Gauntlet | Found a transporter.
 16104 | Gauntlet | Found a transporter.
 16146 | Gauntlet | Found a transporter.
 16164 | Gauntlet | Found a transporter.
 16172 | Gauntlet | Found a transporter.
 16190 | Gauntlet | Found a transporter.
 16383 | Gauntlet | Gained mutation: Your magical capacity is low. (-10% MP) [a
                  | neqoxec]
 16385 | Gauntlet | Gained mutation: You are dopey. (Int -2) [a neqoxec]
 16408 | Gauntlet | Got a brightly glowing glass ring
 16427 | Gauntlet | Identified the ring "Waoll" {*Slow rF+++ AC+4 Int+9 Dex-5}
                  | (You found it in a Gauntlet)
 16582 | Gauntlet | Got a bloodstained chain mail
 16583 | Gauntlet | Got an iridescent great sword
 16630 | D:11     | Identified the cursed +0 chain mail of Sogguam {Int+2} (You
                  | found it in a Gauntlet)
 17169 | D:11     | Received a gift from Sif Muna
 17391 | D:11     | Found a bloodstained altar of Trog.
 17395 | D:11     | Noticed Psyche
 17401 | D:11     | Killed Psyche
 17803 | D:12     | Found a hazy altar of Hepliaklqana.
 18004 | D:12     | Found a staircase to the Orcish Mines.
 18148 | D:12     | You fall into a shaft and drop 3 floors!
 18148 | D:15     | Entered Level 15 of the Dungeon
 18265 | D:15     | Reached skill level 10 in Evocations
 18325 | D:15     | Reached skill level 11 in Hexes
 18414 | D:15     | Lost mutation: You are dopey. (Int -2) [potion of mutation]
 18414 | D:15     | Lost mutation: Your magical capacity is low. (-10% MP)
                  | [potion of mutation]
 18414 | D:15     | Gained mutation: You have an increased reservoir of magic.
                  | (+10% MP) [potion of mutation]
 18414 | D:15     | Gained mutation: You are clumsy. (Dex -2) [potion of
                  | mutation]
 19225 | D:14     | Received a gift from Sif Muna
 19295 | D:14     | Reached XP level 15. HP: 86/86 MP: 20/30
 19330 | D:14     | Noticed Snorg
 19333 | D:14     | Killed Snorg
 19360 | D:14     | Found a blossoming altar of Fedhas.
 19459 | D:14     | Noticed Azrael
 19586 | D:14     | Killed Azrael
 19608 | D:14     | Found a frozen archway.
 19623 | IceCv    | Entered an ice cave
 20406 | IceCv    | Got fading ice dragon scales
 20448 | D:14     | Identified the +2 ice dragon scales of Lugonu's Wrath {rF-
                  | rC++ MR++} (You found it in an ice cave)
 20674 | D:14     | Paralysed by an orc sorcerer for 2 turns
 20701 | D:14     | Reached skill level 10 in Dodging
 20705 | D:14     | Reached skill level 12 in Hexes
 20860 | D:14     | Found a gate to the Vaults.
 21057 | D:14     | Noticed Kirke
 21082 | D:14     | Killed Kirke
 21327 | D:13     | Identified Faebeec's Almanac of Hexes (Sif Muna gifted it
                  | to you on level 13 of the Dungeon)
 21327 | D:13     | Received a gift from Sif Muna
 21346 | D:13     | Learned a level 8 spell: Discord
 21352 | D:13     | Learned a level 5 spell: Summon Mana Viper
 21456 | D:13     | Reached skill level 1 in Summonings
 21904 | D:13     | Noticed Rupert
 21913 | D:13     | Killed Rupert
 22055 | D:12     | Noticed Fannar
 22093 | D:12     | Killed Fannar
 22239 | D:12     | Noticed Frances
 22254 | D:12     | Killed Frances
 22255 | D:12     | Reached skill level 13 in Hexes
 22292 | D:12     | Reached skill level 10 in Spellcasting
 22493 | D:10     | Bought a scroll of identify for 62 gold pieces
 22493 | D:10     | Bought a scroll of identify for 62 gold pieces
 22666 | Spider:1 | Entered Level 1 of the Spider Nest
 22672 | Spider:1 | Noticed Nikola
 22862 | Lair:3   | Learned a level 6 spell: Invisibility
 22945 | Spider:1 | Reached XP level 16. HP: 93/93 MP: 27/33
 23046 | Lair:4   | Killed Nikola
 23046 | Lair:4   | Reached ****** piety under Sif Muna
 23170 | Spider:1 | Noticed Donald
 23727 | Lair:4   | Found a hole to the Spider Nest.
 23789 | Lair:4   | Killed Donald
 24790 | Spider:1 | Received a gift from Sif Muna
 24791 | Spider:1 | Reached skill level 14 in Hexes
 25503 | Spider:2 | Reached skill level 5 in Summonings
 26655 | Spider:3 | Reached skill level 15 in Hexes
 26863 | Spider:4 | Entered Level 4 of the Spider Nest
 27276 | Spider:4 | Identified Sif Muna's Compendium of Curses (Sif Muna gifted
                  | it to you on level 4 of the Spider Nest)
 27276 | Spider:4 | Received a gift from Sif Muna
 27800 | Spider:4 | Reached skill level 16 in Hexes
 27810 | Spider:4 | Reached XP level 17. HP: 48/97 MP: 19/36
 28432 | Spider:4 | Reached skill level 17 in Hexes
 28465 | Spider:4 | Gained mutation: You are dopey. (Int -2) [mutagenic glow]
 28569 | Spider:4 | Gained mutation: You are weak. (Str -2) [mutagenic glow]
 28696 | Spider:4 | Got a gossamer rune of Zot
 28909 | Swamp:1  | Entered Level 1 of the Swamp
 28909 | Swamp:1  | Noticed Aizul
 28915 | Swamp:1  | Killed Aizul
 28930 | Swamp:1  | Received a gift from Sif Muna
 28959 | Swamp:1  | Reached skill level 18 in Hexes
 29228 | Swamp:1  | Identified a scroll of acquirement
 29229 | Swamp:1  | Acquired 645 gold pieces
 29953 | Swamp:2  | Reached skill level 19 in Hexes
 30082 | Swamp:2  | HP: 2/97 [spriggan rider/+0 vorpal spear (5)]
 31077 | Swamp:3  | Reached skill level 20 in Hexes
 32185 | Swamp:4  | Entered Level 4 of the Swamp
 32298 | Swamp:4  | Identified Sif Muna's Tome of Summoning (Sif Muna gifted it
                  | to you on level 4 of the Swamp)
 32298 | Swamp:4  | Received a gift from Sif Muna
 32360 | Swamp:4  | Reached skill level 21 in Hexes
 32492 | Swamp:4  | Gained mutation: You are very weak. (Str -4) [mutagenic
                  | glow]
 32552 | Swamp:4  | Reached XP level 18. HP: 53/103 MP: 19/37
 32927 | Swamp:4  | Reached skill level 22 in Hexes
 33051 | Swamp:4  | Got a decaying rune of Zot
 33440 | Orc:1    | Entered Level 1 of the Orcish Mines
 33746 | Orc:2    | Entered Level 2 of the Orcish Mines
 33746 | Orc:2    | Found a staircase to the Elven Halls.
 33925 | Orc:2    | Identified Asmodeus's Reference Book on Creative Battle
                  | Magic (Sif Muna gifted it to you on level 2 of the Orcish
                  | Mines)
 33925 | Orc:2    | Received a gift from Sif Muna
 33941 | Orc:2    | Found Zeuh's Magic Scroll Boutique.
 33943 | Orc:2    | Found Vyre's Distillery.
 33977 | Orc:2    | Bought a potion of haste for 120 gold pieces
 33977 | Orc:2    | Bought a potion of curing for 36 gold pieces
 33977 | Orc:2    | Bought a potion of curing for 36 gold pieces
 33977 | Orc:2    | Bought a potion of might for 48 gold pieces
 33979 | Orc:2    | Bought a scroll of magic mapping for 49 gold pieces
 33979 | Orc:2    | Bought a scroll of teleportation for 42 gold pieces
 33979 | Orc:2    | Bought a scroll of magic mapping for 49 gold pieces
 33979 | Orc:2    | Bought a scroll of magic mapping for 49 gold pieces
 33979 | Orc:2    | Bought 3 scrolls of teleportation for 126 gold pieces
 33979 | Orc:2    | Bought a scroll of magic mapping for 49 gold pieces
 33981 | Orc:2    | Bought a potion of ambrosia for 96 gold pieces
 34256 | Orc:2    | Found Lugakah's Book Shoppe.
 34256 | Orc:2    | Found a one-way gate leading to the halls of Pandemonium.
 34256 | Orc:2    | Found Xionoes's Antique Weapon Emporium.
 34260 | Orc:2    | Reached skill level 23 in Hexes
 34286 | Orc:2    | Bought a faintly glowing dagger for 161 gold pieces
 34286 | Orc:2    | Identified the +8 dagger of the Magi {venom, +Blink rElec
                  | rF- Str+2} (You bought it in a shop on level 2 of the
                  | Orcish Mines)
 34291 | Orc:2    | Bought a manual of Spellcasting for 1656 gold pieces
 34489 | Orc:2    | Found Raimunt's Jewellery Shop.
 34493 | Orc:2    | Found a roughly hewn altar of Beogh.
 34565 | Orc:2    | Found a roughly hewn altar of Beogh.
 35301 | Swamp:1  | Identified the +9 plate armour "Poghyiss" {Str+2} (You
                  | found it on level 1 of the Swamp)
 35642 | Elf:1    | Entered Level 1 of the Elven Halls
 36075 | Elf:1    | Found Moytilui's Jewellery Shoppe.
 36083 | Elf:1    | Received a gift from Sif Muna
 37506 | Lair:3   | Killed jiml777's ghost
 37525 | Lair:3   | Got a pitted amethyst amulet
 37528 | Lair:3   | Identified the amulet of Coronation {Faith rN+ MR+} (You
                  | found it on level 3 of the Lair of Beasts)
 37794 | Elf:2    | Found Ycwuapn's Antique Weapon Shoppe.
 37802 | Elf:2    | Bought a glowing quick blade for 576 gold pieces
 38241 | Elf:2    | Identified Sif Muna's Disquisition on Hurtful Clay (Sif
                  | Muna gifted it to you on level 2 of the Elven Halls)
 38241 | Elf:2    | Received a gift from Sif Muna
 38251 | Elf:2    | Learned a level 5 spell: Yara's Violent Unravelling
 38317 | Elf:2    | Gained mutation: You tend to lose your temper in combat.
                  | [mutagenic glow]
 38329 | Elf:2    | Lost mutation: You are clumsy. (Dex -2) [potion of
                  | mutation]
 38329 | Elf:2    | Lost mutation: You tend to lose your temper in combat.
                  | [potion of mutation]
 38329 | Elf:2    | Gained mutation: You have sharp toenails. [potion of
                  | mutation]
 38330 | Elf:2    | Lost mutation: You are very weak. (Str -4) [potion of
                  | mutation]
 38330 | Elf:2    | Lost mutation: You have an increased reservoir of magic.
                  | (+10% MP) [potion of mutation]
 38330 | Elf:2    | Gained mutation: You occasionally shout uncontrollably at
                  | your foes. [potion of mutation]
 38330 | Elf:2    | Gained mutation: You expend magic power (3 MP) to
                  | strengthen your wands. [potion of mutation]
 38331 | Elf:2    | Lost mutation: You occasionally shout uncontrollably at
                  | your foes. [potion of mutation]
 38331 | Elf:2    | Lost mutation: You expend magic power (3 MP) to strengthen
                  | your wands. [potion of mutation]
 38331 | Elf:2    | Gained mutation: You possess an exceptional clarity of
                  | mind. [potion of mutation]
 38331 | Elf:2    | Gained mutation: You are robust. (+10% HP) [potion of
                  | mutation]
 38331 | Elf:2    | Gained mutation: Your spells are a little harder to cast,
                  | but a little more powerful. [potion of mutation]
 38422 | Elf:2    | Gained mutation: Potions are less effective at restoring
                  | your health. [mutagenic glow]
 38516 | Elf:2    | Found a huge runed translucent gate.
 38516 | Elf:2    | Found a huge runed translucent gate.
 38516 | Elf:2    | Found a huge runed translucent gate.
 38671 | Elf:2    | Reached XP level 19. HP: 124/124 MP: 35/35
 38931 | Elf:2    | Found a huge runed translucent gate.
 38931 | Elf:2    | Found a huge runed translucent gate.
 38976 | Elf:3    | Entered Level 3 of the Elven Halls
 39303 | Elf:3    | Found Ruehed's Magic Scroll Shoppe.
 39303 | Elf:3    | Found Eneqiroa's General Store.
 39304 | Elf:3    | Found Etuimm's Antique Weapon Shoppe.
 39308 | Elf:3    | Found Sidinur's Book Emporium.
 40948 | Elf:3    | Noticed a Tzitzimitl
 40949 | Elf:3    | Identified the cursed +1 robe of the Dice {rPois Str+4
                  | Int+6}
 40966 | Elf:3    | Identified the Volume of Beguiling
 41017 | Elf:3    | Identified the +5 scimitar of Fragile Peace {flame, +Fly
                  | MP+9 Int+6 Dex-4}
 41086 | Elf:3    | Identified the cursed +1 mace "Seuc" {protect, Str+4}
 41500 | Elf:3    | Identified Sif Muna's Guide on Nocuous Stones (Sif Muna
                  | gifted it to you on level 3 of the Elven Halls)
 41500 | Elf:3    | Received a gift from Sif Muna
 41546 | Elf:3    | Identified the Disquisition on Dark Magic
 41559 | Elf:3    | Identified the +1 robe "Suuwney" {rF+} (You found it on
                  | level 3 of the Elven Halls)
 41614 | Elf:3    | Identified the +2 steam dragon scales of Haoth {Regen+
                  | Str-5 Dex+3 Stlth+} (You found it on level 3 of the Elven
                  | Halls)
 41630 | Elf:3    | Identified the amulet "Muraor" {RegenMP +Blink rPois rC+
                  | Slay+3} (You found it on level 3 of the Elven Halls)
 42300 | Vaults:1 | Entered Level 1 of the Vaults
 42326 | Vaults:1 | Found Cecsuuji's Gadget Shoppe.
 42696 | Vaults:1 | Reached skill level 5 in Shields
 43714 | Vaults:2 | Received a gift from Sif Muna
 43814 | Vaults:2 | Reached skill level 10 in Fighting
 43908 | Vaults:2 | Found Fethoc's General Store.
 43917 | Vaults:2 | Bought a potion of might for 44 gold pieces
 44239 | Vaults:2 | Reached XP level 20. HP: 132/132 MP: 25/38
 44445 | Vaults:2 | Found a staircase to the Crypt.
 44445 | Vaults:2 | Found a basalt altar of Yredelemnul.
 44446 | Vaults:2 | Found an ancient bone altar of Kikubaaqudgha.
 44463 | Vaults:2 | Noticed Asterion
 44484 | Vaults:2 | Killed Asterion
 44635 | Vaults:2 | Noticed Margery
 44652 | Vaults:2 | Killed Margery
 45127 | Vaults:3 | Lost mutation: You possess an exceptional clarity of mind.
                  | [mutagenic glow]
 45141 | Vaults:3 | Reached skill level 10 in Shields
 45172 | Vaults:3 | Received a gift from Sif Muna
 45193 | Vaults:3 | Learned a level 4 spell: Passage of Golubria
 45767 | Vaults:3 | Reached skill level 15 in Spellcasting
 45791 | Vaults:3 | Reached skill level 10 in Invocations
 46902 | Vaults:4 | Reached skill level 10 in Summonings
 46993 | Vaults:4 | Identified Sif Muna's Incunabulum of Captivating
                  | Confrontation (Sif Muna gifted it to you on level 4 of the
                  | Vaults)
 46993 | Vaults:4 | Received a gift from Sif Muna
 47270 | Vaults:4 | Found a radiant altar of Vehumet.
 47289 | Vaults:4 | Identified the +2 robe of Forking Paths {Dex+4} (You found
                  | it on level 4 of the Vaults)
 47291 | Vaults:4 | Identified the +1 hat "Tuggein" {rCorr Int+4 Stlth-} (You
                  | found it on level 4 of the Vaults)
 47294 | Vaults:4 | Identified the cursed -3 hat of the Buccaneer {MR+ rCorr
                  | Dex-4} (You found it on level 4 of the Vaults)
 47353 | Vaults:4 | Identified the cursed +0 robe of Ducofeh {rC+ rCorr Stlth+}
                  | (You found it on level 4 of the Vaults)
 48380 | Lair:2   | Killed Duaji's ghost
 48573 | Lair:5   | Learned a level 5 spell: Summon Forest
 48931 | Vaults:5 | Entered Level 5 of the Vaults
 49721 | Vaults:5 | Reached XP level 21. HP: 137/137 MP: 20/40
 49760 | Vaults:5 | Found Muenaf's Assorted Antiques.
 49812 | Vaults:5 | Bought a scroll labelled NERORH TIAHOZI for 48 gold pieces
 49812 | Vaults:5 | Bought a scroll of holy word for 360 gold pieces
 50049 | Vaults:5 | Identified the ring of Fyleroli {rF+ rC+ Stlth-}
 50243 | Vaults:5 | Noticed a golden dragon
 50347 | Vaults:5 | Identified Sif Muna's Compendium of Flames and Enchantment
                  | (Sif Muna gifted it to you on level 5 of the Vaults)
 50347 | Vaults:5 | Received a gift from Sif Muna
 50655 | Vaults:5 | Killed a golden dragon
 50860 | Vaults:5 | Identified the +8 morningstar "Veigui" {vorpal, Int+2}
 50878 | Vaults:5 | Learned a level 5 spell: Borgnjor's Vile Clutch
 50939 | Vaults:5 | Noticed an ancient lich
 50965 | Vaults:5 | Killed an ancient lich
 50966 | Vaults:5 | Reached skill level 1 in Necromancy
 51173 | Vaults:5 | Got a silver rune of Zot
 51245 | Vaults:5 | Identified the Disquisition on Ghastly Moulding
 51514 | Vaults:5 | Noticed a golden dragon
 51535 | Vaults:5 | Killed a golden dragon
 51536 | Vaults:5 | Reached skill level 1 in Earth Magic
 51604 | Vaults:5 | Gained mutation: Your flesh is heat resistant. (rF+)
                  | [mutagenic glow]
 51836 | Vaults:5 | Identified the +0 dagger "Zaexeel" {flame, *Drain MP+9
                  | Int+3} (You found it on level 5 of the Vaults)
 52034 | Depths:1 | Entered Level 1 of the Depths
 52073 | Depths:1 | Identified Sif Muna's Catalogue of Creative Weightlessness
                  | (Sif Muna gifted it to you on level 1 of the Depths)
 52073 | Depths:1 | Received a gift from Sif Muna
 52462 | Depths:1 | Found a flickering gateway to a bazaar.
 52468 | Bazaar   | Entered a bazaar
 52470 | Bazaar   | Found Wakied's Weapon Boutique.
 52474 | Bazaar   | Found Ylytzygh's Weapon Boutique.
 52474 | Bazaar   | Found Tavaown's Gadget Boutique.
 52475 | Bazaar   | Found Bafiurch's Antique Armour Boutique.
 52480 | Bazaar   | Bought a pair of spiked gloves for 218 gold pieces
 52485 | Bazaar   | Bought a throwing net for 24 gold pieces
 52498 | Bazaar   | Identified the +3 pair of gloves "Hotzaek" {rPois rF+ MP+9
                  | Dex+2} (You bought it in a shop in a bazaar)
 52772 | Depths:1 | Gained mutation: You are very dopey. (Int -4) [mutagenic
                  | glow]
 52797 | Depths:1 | Found Erouzo's Jewellery Boutique.
 52797 | Depths:1 | Found Plog's Gadget Shoppe.
 52798 | Depths:1 | Found Veung's Gadget Shoppe.
 52847 | Depths:1 | Gained mutation: Potions are poor at restoring your health.
                  | [mutagenic glow]
 52968 | Depths:1 | Found a runed translucent gate.
 52968 | Depths:1 | Found a runed translucent gate.
 52993 | Depths:1 | Found a gateway to Hell.
 53054 | Depths:1 | Found a runed translucent gate.
 53055 | Depths:1 | Noticed Biocos's ghost (adept HaHu)
 53642 | Depths:1 | Killed Biocos's ghost
 53738 | Depths:2 | Received a gift from Sif Muna
 53945 | Depths:2 | Reached XP level 22. HP: 112/144 MP: 8/42
 55091 | Depths:3 | Found a gateway to a ziggurat.
 55289 | Depths:3 | Identified Pylup's Compendium of Sinister Conjuration (Sif
                  | Muna gifted it to you on level 3 of the Depths)
 55289 | Depths:3 | Received a gift from Sif Muna
 55707 | Depths:3 | Noticed a juggernaut
 56021 | Depths:3 | Noticed a caustic shrike
 56045 | Depths:3 | Killed a caustic shrike
 56046 | Depths:3 | Reached skill level 5 in Necromancy
 56101 | Depths:3 | Noticed a golden dragon
 56112 | Depths:3 | Killed a golden dragon
 56344 | Depths:3 | Noticed a juggernaut
 56345 | Depths:3 | Noticed Sojobo
 56367 | Depths:3 | Killed a juggernaut
 56369 | Depths:3 | Noticed a golden dragon
 56705 | Depths:2 | Reached skill level 15 in Shields
 56705 | Depths:2 | Reached skill level 5 in Earth Magic
 57230 | Depths:3 | Killed a juggernaut
 57357 | Depths:3 | Killed Sojobo
 57781 | Depths:3 | Killed a golden dragon
 58417 | Elf:3    | Bought a scroll of vulnerability for 112 gold pieces
 58417 | Elf:3    | Bought a scroll of fog for 30 gold pieces
 58417 | Elf:3    | Bought a scroll of teleportation for 45 gold pieces
 58417 | Elf:3    | Bought a scroll of brand weapon for 300 gold pieces
 58417 | Elf:3    | Bought a scroll of magic mapping for 52 gold pieces
 58428 | Elf:3    | Bought a scroll of teleportation for 54 gold pieces
 58564 | Elf:1    | Learned a level 7 spell: Malign Gateway
 59076 | Slime:1  | Entered Level 1 of the Pits of Slime
 59185 | Slime:3  | Identified Sif Muna's Collected Works on Excruciating Cold
                  | (Sif Muna gifted it to you on level 3 of the Pits of Slime)
 59185 | Slime:3  | Received a gift from Sif Muna
 59450 | Slime:5  | Entered Level 5 of the Pits of Slime
 59623 | Slime:5  | Reached XP level 23. HP: 70/156 MP: 9/44
 60171 | Slime:5  | Noticed the Royal Jelly
 60293 | Slime:5  | Found a viscous altar of Jiyva.
 60327 | Slime:5  | Found the +0 sword of Power
 60438 | Slime:5  | Killed the Royal Jelly
 60729 | Slime:5  | Gained mutation: You are occasionally teleported next to
                  | monsters. [a shining eye]
 60741 | Slime:5  | Lost mutation: You have sharp toenails. [potion of
                  | mutation]
 60741 | Slime:5  | Lost mutation: Your flesh is heat resistant. (rF+) [potion
                  | of mutation]
 60741 | Slime:5  | Lost mutation: Your spells are a little harder to cast, but
                  | a little more powerful. [potion of mutation]
 60741 | Slime:5  | Lost mutation: You are very dopey. (Int -4) [potion of
                  | mutation]
 60741 | Slime:5  | Lost mutation: You are dopey. (Int -2) [potion of mutation]
 60741 | Slime:5  | Gained mutation: Your magical capacity is low. (-10% MP)
                  | [potion of mutation]
 60741 | Slime:5  | Gained mutation: You are very weak. (Str -4) [potion of
                  | mutation]
 60741 | Slime:5  | Gained mutation: You expend magic power (3 MP) to
                  | strengthen your wands. [potion of mutation]
 60742 | Slime:5  | Lost mutation: You are very weak. (Str -4) [potion of
                  | mutation]
 60742 | Slime:5  | Lost mutation: You are robust. (+10% HP) [potion of
                  | mutation]
 60742 | Slime:5  | Gained mutation: Your mind is acute. (Int +2) [potion of
                  | mutation]
 60742 | Slime:5  | Lost mutation: Your mind is acute. (Int +2) [potion of
                  | mutation]
 60742 | Slime:5  | Gained mutation: You are agile. (Dex +2) [potion of
                  | mutation]
 60743 | Slime:5  | Lost mutation: You are weak. (Str -2) [potion of mutation]
 60743 | Slime:5  | Gained mutation: Your system is resistant to poisons.
                  | (rPois) [potion of mutation]
 60743 | Slime:5  | Gained mutation: You are partially covered in yellow
                  | scales. (AC +2) [potion of mutation]
 60744 | Slime:5  | Lost mutation: Potions are poor at restoring your health.
                  | [potion of mutation]
 60744 | Slime:5  | Lost mutation: Your magical capacity is low. (-10% MP)
                  | [potion of mutation]
 60744 | Slime:5  | Lost mutation: You expend magic power (3 MP) to strengthen
                  | your wands. [potion of mutation]
 60744 | Slime:5  | Gained mutation: You are partially covered in icy blue
                  | scales. (AC +2) [potion of mutation]
 60744 | Slime:5  | Gained mutation: You are resistant to hostile enchantments.
                  | (MR+) [potion of mutation]
 60745 | Slime:5  | Lost mutation: You are agile. (Dex +2) [potion of mutation]
 60745 | Slime:5  | Lost mutation: You are occasionally teleported next to
                  | monsters. [potion of mutation]
 60745 | Slime:5  | Gained mutation: You are clumsy. (Dex -2) [potion of
                  | mutation]
 60745 | Slime:5  | Gained mutation: Your flesh is heat resistant. (rF+)
                  | [potion of mutation]
 60767 | Slime:5  | Identified the +5 chain mail "Vakheon" {Regen+ Int+3} (You
                  | found it on level 5 of the Pits of Slime)
 60794 | Slime:5  | Identified the +0 helmet of Defiance {rPois rF- rN+ Int+3}
                  | (You found it on level 5 of the Pits of Slime)
 60824 | Slime:5  | Got a slimy rune of Zot
 60863 | Slime:5  | Got a coiled lead ring
 60864 | Slime:5  | Identified the ring "Ynla" {*Tele rElec rC- Str+7} (You
                  | found it on level 5 of the Pits of Slime)
 60899 | Slime:5  | Identified the cursed +0 plate armour of Githaree {rElec
                  | MR+ Slay+2} (You found it on level 5 of the Pits of Slime)
 62080 | Depths:3 | Identified the +1 ring mail of Idealism {rC+ Int+3} (You
                  | found it on level 3 of the Depths)
 63132 | Depths:4 | Found a one-way gate to the infinite horrors of the Abyss.
 63208 | Depths:4 | Found Qaybe's Antique Weapon Boutique.
 63970 | Depths:4 | Identified the +0 demon blade "Jevogg" {pain, rElec MP+9}
 64928 | Depths:4 | Found a glowing silver altar of Zin.
 65069 | Depths:4 | Received a gift from Sif Muna
 65147 | Depths:5 | Entered Level 5 of the Depths
 65342 | Depths:5 | Identified Sif Muna's Catalogue of Ashen Sinister Secrets
 65489 | Depths:5 | Found a gate to the Realm of Zot.
 65504 | Depths:5 | Noticed a juggernaut
 65516 | Depths:5 | Killed a juggernaut
 65658 | Depths:5 | Noticed Mennas
 65959 | Depths:5 | Killed Mennas
 65965 | Depths:5 | Identified Sif Muna's Grimoire of Excruciating Malediction
                  | (Sif Muna gifted it to you on level 5 of the Depths)
 65965 | Depths:5 | Received a gift from Sif Muna
 66255 | Depths:5 | Reached skill level 5 in Translocations
 66520 | Zot:1    | Entered Level 1 of the Realm of Zot
 66599 | Zot:1    | Identified the +8 short sword of Tefuugi {flame, +Inv rC+
                  | MR- Dex+9} (You found it on level 1 of the Realm of Zot)
 66676 | Zot:1    | Reached skill level 15 in Stealth
 66937 | Zot:1    | Reached skill level 15 in Invocations
 67209 | Zot:1    | Reached XP level 24. HP: 118/148 MP: 44/44
 67572 | Zot:1    | Reached skill level 10 in Armour
 68124 | Zot:2    | Identified Sif Muna's Papyrus of the Frostbite and
                  | Transformation (Sif Muna gifted it to you on level 2 of the
                  | Realm of Zot)
 68124 | Zot:2    | Received a gift from Sif Muna
 68377 | Zot:2    | Identified the +1 leather armour of Quaw {Rampage Str+5
                  | Dex+2 Stlth+} (You found it on level 2 of the Realm of Zot)
 68812 | Zot:3    | Noticed a Killer Klown
 68824 | Zot:3    | Killed a Killer Klown
 69005 | Zot:3    | Gained mutation: Your spells are a little easier to cast,
                  | but a little less powerful. [mutagenic glow]
 69060 | Zot:3    | Gained mutation: You tend to lose your temper in combat.
                  | [mutagenic glow]
 69517 | Zot:4    | Identified Sif Muna's Collected Works on Displaced Stones
                  | (Sif Muna gifted it to you on level 4 of the Realm of Zot)
 69517 | Zot:4    | Received a gift from Sif Muna
 69586 | Zot:4    | Noticed an orb of fire
 69595 | Zot:4    | Gained mutation: You are frail. (-10% HP) [mutagenic glow]
 69603 | Zot:4    | Killed an orb of fire
 69640 | Zot:3    | Gained mutation: Armour fits poorly on your strangely
                  | shaped body. [mutagenic glow]
 69753 | Zot:3    | Lost mutation: You are partially covered in yellow scales.
                  | (AC +2) [potion of mutation]
 69753 | Zot:3    | Lost mutation: Armour fits poorly on your strangely shaped
                  | body. [potion of mutation]
 69753 | Zot:3    | Gained mutation: Your flesh is very heat resistant. (rF++)
                  | [potion of mutation]
 69753 | Zot:3    | Gained mutation: Your mind is acute. (Int +2) [potion of
                  | mutation]
 69784 | Zot:4    | Reached skill level 15 in Fighting
 70050 | Zot:4    | Reached XP level 25. HP: 126/135 MP: 39/45
 70060 | Zot:4    | Learned a level 9 spell: Shatter
 70521 | Zot:5    | Entered Level 5 of the Realm of Zot
 70644 | Zot:5    | Reached skill level 10 in Earth Magic
 70742 | Zot:5    | Noticed a Killer Klown
 70758 | Zot:5    | Killed a Killer Klown
 71298 | Crypt:1  | Entered Level 1 of the Crypt
 71344 | Crypt:1  | Learned a level 6 spell: Iron Shot
 71460 | Crypt:1  | Reached skill level 1 in Conjurations
 72567 | Crypt:2  | Found a magical portal.
 72576 | WizLab   | Entered Lehudib's Moon Base
 72733 | WizLab   | Reached skill level 15 in Dodging
 72831 | WizLab   | Found a transporter.
 73038 | WizLab   | Found a transporter.
 73082 | WizLab   | Gained mutation: You are very clumsy. (Dex -4) [a
                  | cacodemon]
 73469 | WizLab   | Got a serpentine ruby amulet
 73470 | WizLab   | Identified the amulet of Aptoemor {Spirit rF+ Str+2 SInv
                  | Stlth+} (You found it in a wizard's laboratory)
 73691 | WizLab   | Reached skill level 5 in Conjurations
 74414 | Crypt:3  | Entered Level 3 of the Crypt
 74967 | Crypt:3  | Reached XP level 26. HP: 115/140 MP: 45/45
 75081 | Crypt:3  | Found a staircase to the Tomb.
 75083 | Crypt:3  | Noticed an ancient lich
 75096 | Crypt:3  | Killed an ancient lich
 75224 | Crypt:3  | Got an ancient pewter ring
 75225 | Crypt:3  | Identified the ring of Puhuna {rF++ Slay+2 Stlth+} (You
                  | found it on level 3 of the Crypt)
 75238 | Crypt:3  | Noticed an ancient lich
 75243 | Crypt:3  | Killed an ancient lich
 75550 | Crypt:3  | Reached skill level 15 in Earth Magic
 75593 | Crypt:3  | Identified the Tome of Evil
 76844 | Depths:4 | Voluntarily entered the Abyss.
 76971 | Abyss:2  | Found a corrupted altar of Lugonu.
 77347 | Abyss:3  | Learned a level 1 spell: Apportation
 77706 | Abyss:4  | Gained mutation: You are occasionally teleported next to
                  | monsters. [mutagenic glow]
 77779 | Depths:4 | Escaped the Abyss
 77987 | Depths:4 | Voluntarily entered the Abyss.
 78011 | Abyss:2  | Found a corrupted altar of Lugonu.
 78229 | Abyss:2  | Found a corrupted altar of Lugonu.
 78229 | Abyss:2  | Found a transporter.
 78332 | Abyss:2  | Found a transporter.
 78723 | Abyss:4  | Found a corrupted altar of Lugonu.
 78837 | Abyss:4  | Lost mutation: Your mind is acute. (Int +2) [a neqoxec]
 78886 | Abyss:4  | Found a corrupted altar of Lugonu.
 79011 | Abyss:4  | Found a corrupted altar of Lugonu.
 79013 | Abyss:4  | Found a corrupted altar of Lugonu.
 79023 | Abyss:4  | Got an abyssal rune of Zot
 79059 | Depths:4 | Escaped the Abyss
 79110 | Depths:4 | Lost mutation: You are frail. (-10% HP) [potion of
                  | mutation]
 79110 | Depths:4 | Lost mutation: Your spells are a little easier to cast, but
                  | a little less powerful. [potion of mutation]
 79110 | Depths:4 | Gained mutation: Your mind is acute. (Int +2) [potion of
                  | mutation]
 79110 | Depths:4 | Lost mutation: You are very clumsy. (Dex -4) [potion of
                  | mutation]
 79110 | Depths:4 | Gained mutation: You are partially covered in iridescent
                  | scales. (AC +2) [potion of mutation]
 79111 | Depths:4 | Lost mutation: You tend to lose your temper in combat.
                  | [potion of mutation]
 79111 | Depths:4 | Lost mutation: Your mind is acute. (Int +2) [potion of
                  | mutation]
 79111 | Depths:4 | Gained mutation: Your spells are a little harder to cast,
                  | but a little more powerful. [potion of mutation]
 79112 | Depths:4 | Lost mutation: Your spells are a little harder to cast, but
                  | a little more powerful. [potion of mutation]
 79112 | Depths:4 | Lost mutation: Your flesh is very heat resistant. (rF++)
                  | [potion of mutation]
 79112 | Depths:4 | Gained mutation: You have sharp fingernails. [potion of
                  | mutation]
 79648 | Tomb:1   | Entered Level 1 of the Tomb of the Ancients
 79841 | Tomb:1   | Noticed Jory
 79856 | Tomb:1   | Killed Jory
 80087 | Tomb:1   | Noticed a royal mummy
 80128 | Tomb:1   | Killed a royal mummy
 80455 | Tomb:1   | Found the amulet of the Four Winds {rN+ MR+++ Clar}
 81192 | Pan      | Entered Pandemonium
 81267 | Pan      | Noticed Hooschic the pandemonium lord
 81286 | Pan      | Gained mutation: Your spells are a little easier to cast,
                  | but a little less powerful. [a cacodemon]
 81288 | Pan      | Banished Hooschic the pandemonium lord
 81389 | Pan      | Got a demonic rune of Zot
 81607 | Pan      | Found a huge runed translucent gate.
 81608 | Pan      | Found a huge runed translucent gate.
 81609 | Pan      | Found a huge runed translucent gate.
 81609 | Pan      | Found a huge runed translucent gate.
 81609 | Pan      | Found a huge runed translucent gate.
 81609 | Pan      | Found a huge runed translucent gate.
 81610 | Pan      | Found a huge runed translucent gate.
 81889 | Pan      | Identified the +2 robe of the Sun {rPois Regen+ Dex+2}
 82010 | Pan      | Noticed Pual the pandemonium lord
 82018 | Pan      | Killed Pual the pandemonium lord
 82019 | Pan      | Reached XP level 27. HP: 120/165 MP: 8/45
 82313 | Pan      | Gained mutation: Armour fits poorly on your strangely
                  | shaped body. [a cacodemon]
 83933 | Pan      | Noticed Plog the pandemonium lord
 83962 | Pan      | Killed Plog the pandemonium lord
 83979 | Pan      | Identified the +9 rapier of the Fool {flame, *Corrode +Rage
                  | +Inv Str+8} (You found it in Pandemonium)
 84045 | Orc:2    | Escaped Pandemonium
 84387 | Zig:1    | Entered Level 1 of a ziggurat
 84405 | Zig:2    | Entered Level 2 of a ziggurat
 84428 | Zig:3    | Entered Level 3 of a ziggurat
 84469 | Zig:4    | Entered Level 4 of a ziggurat
 84516 | Zig:5    | Entered Level 5 of a ziggurat
 84548 | Zig:6    | Entered Level 6 of a ziggurat
 84610 | Zig:7    | Entered Level 7 of a ziggurat
 84633 | Zig:7    | Got a crude bone ring
 84634 | Zig:7    | Identified the ring of Yzysesaj {rPois rC+ rN+ Str-2 Dex+2}
                  | (You found it on level 7 of a ziggurat)
 84725 | Zig:8    | Entered Level 8 of a ziggurat
 84789 | Zig:9    | Entered Level 9 of a ziggurat
 84940 | Zig:10   | Entered Level 10 of a ziggurat
 84956 | Zig:10   | Killed from afar by a pearl dragon

Illustrated notes

Levels and vault maps discovered:
D:1:      dpeg_arrival_more_subterranean_lakeside_camping, layout_basic,
          kennysheep_minor_cross
D:2:      layout_basic
D:3:      layout_rooms, grunt_ministairs_7, minmay_misc_feat_secret_circle,
          okawaru_metal_pillars_3
D:4:      layout_gridville, gammafunk_ghost_arena,
          nicolae_dithmenos_the_darkroom
D:5:      layout_rooms, kennysheep_mini_moat
D:6:      layout_rooms, basic_altar, minmay_misc_feat_tiny,
          nicolae_underground_beach, uniq_pikel, uniq_prince_ribbit1
D:7:      layout_gridville, minmay_temple_entry_purple_smoke
D:8:      layout_rooms, erik_lair_orcish_takeover, uniq_maurice
D:9:      layout_roguey, minmay_misc_feat_four_crosses, roderic_roman_lattice,
          minmay_pinched_square
D:10:     layout_roguey, serial_shops, kennysheep_mini,
          nicolae_trove_entry_crystal, nicolae_lava_and_water,
          minmay_misc_feat_five, minmay_bent
D:11:     layout_loops_corners, gauntlet_entry_generic, trog_wizard, uniq_psyche
D:12:     layout_roguey, erik_orc_1, basic_altar, uniq_fannar, uniq_frances
D:13:     layout_irregular_city, uniq_rupert
D:14:     layout_loops_ring, grunt_vaults_entry_fortified, portal_ice_cave_rime,
          fedhas_altar_fruit_tree, uniq_snorg, uniq_azrael, uniq_kirke
D:15:     hangedman_depths_entry_try_elsewhere_first, layout_loops_ring,
          minmay_misc_feat_diagonals, serial_glass, glass_columns_b,
          glass_columns_a, kb_rosetta
Temple:   kilobyte_greek_temple
Lair:1:   layout_regular_city, grunt_megastairs_5
Lair:2:   layout_gridlike, special_room [special_room_bee],
          gammafunk_ghost_hive, infiniplex_staircase_pool_2
Lair:3:   layout_regular_city, palyth_hydra_swamp_entry,
          gammafunk_ghost_hydra_chop, forest_entry_grove
Lair:4:   layout_cave_pods, nicolae_spider_entry_tight_spaces,
          infiniplex_staircase_pool, uniq_josephine
Lair:5:   layout_small_grid, minmay_slime_entry_oklob_open,
          eino_small_chamber_without_monster
Lair:6:   guppyfry_lair_end_dragon, layout_gridlike, serial_bayou_shore_b
Swamp:1:  layout_basic_swamp, nicolae_swamp_fairy_circle, swamp_pool3,
          uniq_aizul
Swamp:2:  layout_falls_marsh, evilmike_swamp_ruin_house_4, swamp_pool1
Swamp:3:  layout_basic_swamp, evilmike_swamp_ruin_rubble_2
Swamp:4:  swamp, layout_basic_swamp
Spider:1: layout_spider_delve, uniq_nikola, uniq_donald
Spider:2: layout_chambers, drop_trap
Spider:3: layout_spider_delve
Spider:4: grunt_spider_rune_circles
Slime:1:  layout_caves
Slime:2:  layout_caves
Slime:3:  layout_caves
Slime:4:  layout_caves
Slime:5
Orc:1:    layout_caves
Orc:2:    pf_orc_diabolical, layout_diamond_mine, serial_shops, shop,
          basic_altar, mines1_david
Elf:1:    minmay_elf_arrival_summoners, layout_geoelf_grid, serial_shops,
          nicolae_shop_stone, hangedman_elven_crosses_minicolossus
Elf:2:    layout_gridlike, serial_shops, nicolae_shop_crystal,
          grunt_ministairs_4, minmay_the_grid_2x2 [minmay_the_grid_outer_circle,
          minmay_the_grid_gridbox, minmay_the_grid_empty,
          minmay_the_grid_prize_four_corners_diamond_b], uniq_louise
Elf:3:    minmay_elf_hall_hex, layout_loops_ring, minmay_shoptagon
Vaults:1: nicolae_vaults_network_square, nicolae_vaults_little_squares_2,
          vaults_room_pools, nicolae_vaults_what_the_h,
          nicolae_vaults_little_squares_5, serial_ice_b, vaults_room_semicircle,
          ontoclasm_vaults_decontamination, layout_vaults_big_room,
          serial_shops, shop
Vaults:2: nicolae_vaults_border_crossing, v_misc_30, serial_ice_g,
          vaults_mumra_minichess_inversion, minmay_crypt_entry_necro_gods,
          ontoclasm_vaults_ring_small, ontoclasm_vaults_idyll,
          vaults_standard_mumra_x, hangedman_vaults_river_flow,
          vaults_room_corners, ontoclasm_vaults_ring_square,
          nicolae_vaults_specimen_jars, v_misc_16, layout_vaults_omnibox,
          serial_shops, shop_statue, uniq_asterion, uniq_margery
Vaults:3: vaults_mumra_hex, v_misc_3, nicolae_vaults_little_squares_3,
          layout_vaults_omnigrid
Vaults:4: ontoclasm_vaults_twist, grunt_tower_of_power, dpeg_vaults_monster_box,
          ontoclasm_vaults_bender, vaults_room_large_hall,
          vaults_room_stairs_pillars, ontoclasm_vaults_gateway,
          vaults_room_grid, vaults_dpeg_ring, layout_vaults_ring
Vaults:5: serial_shops
Crypt:1:  layout_misc_corridors
Crypt:2:  layout_chaotic_city, mu_enter_wizlab_5
Crypt:3:  quadcrypt_mu
Tomb:1:   uniq_jory
Depths:1: layout_gridlike, ebering_ghost_rock_garden, corexii_hall_statues_i,
          lightli_too_deep, serial_shops, bzr_entry_safe, st_stairs_13,
          serial_bayou_pond_e, kennysheep_generic_room_15, grunt_megastairs_1,
          minmay_shop_grove
Depths:2: cheibrodos_quadrivalence, layout_cave_pools,
          grunt_hell_entry_dis_grunt, grunt_decor_cap, grunt_ministairs_14,
          drop_trap
Depths:3: minmay_central_circle, layout_cave_pools, enter_ziggurat_b,
          hell_entry, rand_demon_pan_entry_4, minmay_misc_feat_doors,
          minivault_1, minmay_misc_feat_rugged, grunt_decor_arrowhead,
          firewood_loft, infiniplex_staircase_zigzag_2, uniq_sojobo
Depths:4: evilmike_silver_temple, layout_gridlike, serial_shops,
          nicolae_shop_statue_plus, abyss_entry, hellmouth_1,
          kennysheep_decorative_pillar, infiniplex_staircase_river
Depths:5: evilmike_zot_entry_diamond, layout_gridlike, hell_entry,
          abyss_entry_small_statue_room, serial_sigils_hangedman_quiver,
          grunt_megastairs_2, uniq_mennas
Zot:1:    nicolae_zot_stationary_front, layout_twisted_circle
Zot:2:    layout_gridlike
Zot:3:    layout_misc_corridors, guppyfry_library_mini
Zot:4:    layout_onion_interference
Zot:5:    layout_gridville, skrybe_zot_glass_3
Zig:10

Skill      XL: |  1  2  3  4  5  6  7  8  9 10 11 12 13 14 15 16 17 18 19 20 21 22 23 24 25 26 27 |
---------------+----------------------------------------------------------------------------------+-----
Hexes          | 5 6 7 8 10 11 13 16 21 23 | 23.0
Ice Magic      | 1 2 4 5 |  5.0
Spellcasting   | 3 4 5 6 7 8 10 12 14 15 16 17 18 | 18.4
Short Blades   | 2 8 10 11 12 | 12.0
Fighting       | 1 3 4 5 6 7 8 9 10 12 14 15 | 15.0
Stealth        | 5 7 9 10 12 13 14 15 17 18 | 18.0
Invocations    | 1 3 4 5 6 7 9 10 12 13 15 | 15.0
Evocations     | 1 3 6 7 9 10 11 | 11.0
Armour         | 1 3 4 5 6 7 8 9 10 | 10.0
Translocations | 1 3 5 7 8 |  8.0
Dodging        | 3 4 6 7 8 9 10 11 12 14 15 | 15.0
Shields        | 4 8 12 14 15 | 15.0
Summonings     | 3 6 7 8 10 13 | 13.0
Necromancy     | 3 6 |  6.0
Earth Magic    | 3 5 7 9 13 17 21 | 21.0
Conjurations   | 5 |  5.0

Action                   |  1- 3 |  4- 6 |  7- 9 | 10-12 | 13-15 | 16-18 | 19-21 | 22-24 | 25-27 || total
-------------------------+-------+-------+-------+-------+-------+-------+-------+-------+-------++-------
Melee: Dagger            |   111 |   124 |   309 |   575 |  1210 |  1151 |    39 |       |       ||  3519
       Bite              |    11 |    11 |    25 |    43 |   154 |   102 |   137 |   171 |   143 ||   797
       Quick blade       |       |       |       |       |       |       |  1376 |  1304 |  1047 ||  3727
       Staff             |       |       |       |       |       |       |       |       |     6 ||     6
Throw: Dart              |       |       |       |       |       |     1 |       |       |       ||     1
       Throwing net      |       |       |       |       |       |       |       |     3 |       ||     3
 Cast: Corona            |     1 |       |     3 |       |       |       |       |       |       ||     4
       Ensorcelled Hiber |     7 |    37 |    84 |   131 |   287 |   260 |   149 |    58 |     2 ||  1015
       Confusing Touch   |       |       |     4 |    21 |    42 |    40 |    53 |    55 |     7 ||   222
       Tukima's Dance    |       |       |     1 |     1 |     2 |       |       |     8 |       ||    12
       Dazzling Flash    |       |       |     1 |     1 |    34 |    11 |       |       |       ||    47
       Blink             |       |       |       |       |     6 |     1 |     1 |     3 |       ||    11
       Slow              |       |       |       |       |     3 |       |       |       |       ||     3
       Invisibility      |       |       |       |       |     1 |    69 |    36 |    24 |    11 ||   141
       Summon Mana Viper |       |       |       |       |       |    31 |   100 |   230 |   202 ||   563
       Discord           |       |       |       |       |       |    17 |    69 |    47 |    47 ||   180
       Summon Forest     |       |       |       |       |       |       |     2 |    18 |    18 ||    38
       Borgnjor's Vile C |       |       |       |       |       |       |     1 |    48 |   189 ||   238
       Passage of Golubr |       |       |       |       |       |       |     1 |       |       ||     1
       Yara's Violent Un |       |       |       |       |       |       |     1 |       |       ||     1
       Iron Shot         |       |       |       |       |       |       |       |       |   101 ||   101
       Malign Gateway    |       |       |       |       |       |       |       |       |    27 ||    27
       Apportation       |       |       |       |       |       |       |       |       |     2 ||     2
       Shatter           |       |       |       |       |       |       |       |       |    29 ||    29
Invok: Channel Magic     |       |       |       |       |       |       |     3 |     2 |     2 ||     7
       Forget Spell      |       |       |       |       |       |       |       |       |     2 ||     2
 Abil: Exsanguinate      |     1 |       |       |       |       |       |       |     1 |     1 ||     3
       Revivify          |       |       |       |       |       |       |     1 |     1 |     1 ||     3
       Evoke Blink       |       |       |       |       |       |       |       |     1 |     6 ||     7
Evoke: Wand              |       |     5 |     7 |     3 |    23 |    33 |    21 |    22 |    27 ||   141
       Box of beasts     |       |       |       |       |     1 |     2 |     1 |     3 |       ||     7
       Condenser vane    |       |       |       |       |       |     1 |       |       |     2 ||     3
       Lightning rod     |       |       |       |       |       |       |       |       |     1 ||     1
  Use: Scroll            |       |     9 |     6 |     8 |    18 |    17 |    21 |    27 |    10 ||   116
       Potion            |       |     2 |       |     1 |    10 |     7 |     2 |    16 |    16 ||    54
 Stab: Sleeping          |    13 |    28 |    63 |   113 |   225 |   209 |   124 |    75 |    86 ||   936
       Confused          |       |       |     5 |    22 |    51 |    38 |    64 |    70 |     8 ||   258
       Invisible         |       |       |     1 |       |    25 |   148 |    99 |    72 |    14 ||   359
       Distracted        |       |       |       |     3 |     5 |       |     8 |    25 |    20 ||    61
       Paralysed         |       |       |       |       |       |       |       |     2 |     3 ||     5
       Held in net/web   |       |       |       |       |       |       |       |     1 |       ||     1
Armor: Robe              |    20 |    18 |    56 |    71 |    24 |    23 |    76 |    84 |       ||   372
       Ring mail         |       |     2 |    12 |       |   120 |   175 |       |   110 |   122 ||   541
       Troll leather arm |       |       |       |       |       |       |       |       |    82 ||    82
Dodge: Dodged            |   100 |   127 |   253 |   304 |   562 |   779 |   358 |   428 |   474 ||  3385
Block: Buckler           |       |       |       |       |   334 |   435 |   171 |       |       ||   940
       Reflection        |       |       |       |       |    17 |     4 |    46 |    10 |    12 ||    89
       Kite shield       |       |       |       |       |       |       |   287 |   611 |   705 ||  1603

Table legend: (Time is in decaauts)
 A = Elapsed time spent in this place.
 B = Non-inter-level travel time spent in this place.
 C = Inter-level travel time spent in this place.
 D = Time resting spent in this place.
 E = Time spent auto-exploring this place.
 F = Levels seen in this place.
 G = Mean time per level.
                   A        B        C        D        E       F      G
               +--------+--------+--------+--------+--------+-----+--------+
         Total |  81379 |  68678 |  12701 |  14731 |  27642 |  84 |  968.8 |
       Dungeon |  17857 |  12476 |   5381 |   1419 |   6046 |  15 | 1190.5 |
        Temple |    145 |    108 |     37 |      0 |     96 |   1 |  145.0 |
          Lair |  10092 |   8372 |   1720 |   1669 |   4194 |   6 | 1682.0 |
         Swamp |   4427 |   4200 |    227 |   1655 |   1243 |   4 | 1106.8 |
   Spider Nest |   3919 |   3805 |    114 |    960 |   1551 |   4 |  979.8 |
    Slime Pits |   1845 |   1784 |     61 |    859 |    126 |   5 |  369.0 |
  Orcish Mines |   2088 |   1765 |    323 |    311 |    900 |   2 | 1044.0 |
   Elven Halls |   6162 |   5039 |   1123 |   1360 |   1665 |   3 | 2054.0 |
        Vaults |   8353 |   7106 |   1247 |   1448 |   3055 |   5 | 1670.6 |
         Crypt |   3771 |   3150 |    621 |    401 |   1533 |   3 | 1257.0 |
          Tomb |   1013 |    820 |    193 |    108 |    255 |   1 | 1013.0 |
        Depths |   9877 |   8558 |   1319 |   2432 |   2995 |   5 | 1975.4 |
           Zot |   4189 |   3860 |    329 |    487 |   1975 |   5 |  837.8 |
         Abyss |   1814 |   1814 |      0 |     99 |    332 |   8 |  226.8 |
   Pandemonium |   2723 |   2723 |      0 |    475 |   1138 |   3 |  907.7 |
      Ziggurat |    567 |    567 |      0 |    257 |      0 |  10 |   56.7 |
        Bazaar |     67 |     67 |      0 |      0 |     21 |   1 |   67.0 |
      Ice Cave |    758 |    758 |      0 |    458 |      0 |   1 |  758.0 |
        Wizlab |   1157 |   1157 |      0 |    216 |    339 |   1 | 1157.0 |
      Gauntlet |    546 |    546 |      0 |    116 |    177 |   1 |  546.0 |
               +--------+--------+--------+--------+--------+-----+--------+

Top non-repeatable levels by time:
  Lair:4: 3902 daAuts
Depths:3: 3024 daAuts
   Elf:3: 2398 daAuts
Depths:4: 2117 daAuts
   Elf:2: 1965 daAuts
Vaults:4: 1913 daAuts
Depths:1: 1861 daAuts
Vaults:5: 1851 daAuts
    D:15: 1845 daAuts
  Lair:3: 1828 daAuts
Vaults:2: 1821 daAuts
   Elf:1: 1798 daAuts
 Crypt:3: 1783 daAuts
    D:10: 1702 daAuts
    D:14: 1700 daAuts
